 Dungeon Crawl Stone Soup version 0.31.0-11-ge490571c62 (webtiles) character file.

Game seed: 11425373197255818067

289 qw the Skirmisher (level 6, -5/35 HPs)
             Began as a Deep Elf Hunter on Feb 5, 2024.
             Killed from afar by an orc wizard (12 damage)
             ... with a magic dart
             ... on level 3 of the Dungeon.
             The game lasted 00:00:50 (2239 turns).

qw the Skirmisher (Deep Elf Hunter)                 Turns: 2239, Time: 00:00:51

Health: -5/35      AC:  4    Str: 10    XL:     6   Next: 9%
Magic:  8/8        EV: 13    Int: 12    God:
Gold:   70         SH:  0    Dex: 18    Spells: 5/5 levels left

rFire   . . .        a - +0 shortbow
rCold   + . .        (shield currently unavailable)
rNeg    . . .        k - +1 leather armour of the Kissing Gods {rElec rC+ Will+ Int-2}
rPois   .            (no helmet)
rElec   +            (no cloak)
rCorr   .            (no gloves)
SInv    .            (no boots)
Will    +....        (no amulet)
Stlth   ++           (no ring)
HPRegen 0.25/turn    (no ring)
MPRegen 0.11/turn

%: no passive effects
@: no status effects
A: no striking features
a: no special abilities


You were on level 3 of the Dungeon.
You visited 1 branch of the dungeon, and saw 3 of its levels.

You collected 70 gold pieces.


   Skills:
 + Level 1.7 Fighting
 - Level 9.3 Ranged Weapons
 - Level 3.3 Dodging
 - Level 1.2 Stealth


You had 5 spell levels left.
You didn't know any spells.
Your spell library was empty.

Inventory:

Hand Weapons
 a - a +0 shortbow (weapon)
Armour
 d - a +1 ring mail of cold resistance
 f - a +0 scale mail
 j - a +0 ring mail
 k - the +1 leather armour of the Kissing Gods (worn) {rElec rC+ Will+ Int-2}
   (You found it on level 2 of the Dungeon)

   Int-2:     It affects your intelligence (-2).
   rC+:       It protects you from cold.
   rElec:     It insulates you from electricity.
   Will+:     It increases your willpower.
Scrolls
 c - a scroll of blinking {unknown}
 g - a scroll of immolation {unknown}
 i - a scroll of enchant weapon {unknown}
Potions
 b - a potion of might
 e - a potion of curing
 h - a potion of mutation
 l - a potion of degeneration {unknown}

Dungeon Overview and Level Annotations

Branches:
Dungeon (3/15)

Altars:

Shops:
D:1 ?


Message History

You shoot an arrow. The arrow barely misses the orc wizard.
The orc wizard casts a spell.
The orc wizard flickers and vanishes!
Deactivating autopickup; reactivate with Ctrl-A.
You shoot an arrow.
You hear some strange, mumbled words.
Something tries to affect you, but you resist.
You shoot an arrow. Something hits you but does no damage.
You shoot an arrow.
You hear some strange, mumbled words.
A puff of flame appears from out of thin air!
The puff of flame hits you!
You shoot an arrow. Something hits you.
You shoot an arrow. Something hits you.
You shoot an arrow. Something barely misses you.
You shoot an arrow. Something hits you.
You shoot an arrow. Something barely misses you.
You shoot an arrow. Something hits you.
You shoot an arrow.
You hear some strange, mumbled words.
A magic dart appears from out of thin air!
The magic dart hits you!
You shoot an arrow. Something hits you.
You shoot an arrow. Something hits you but does no damage.
You shoot an arrow. Something barely misses you.
You shoot an arrow.
You hear some strange, mumbled words.
A magic dart appears from out of thin air!
The magic dart hits you!
You die...

.#...# #.#... ##.##### #.#.#.
.o.# ########.#.#. ##..#
#......#.#.#. ###.o ...
#......#.#.#. ..#o# #.#
#).....#.#.#. #.#.# #.#
#......#.#.#. #.#.#
#.######......#.#.#. #.#)#
#.{@..........'.#.#. #.#.#
########...[..###.#. #.####.#)#
#))..............
#.......)######.####...#####.##
######........#)# #....# #.#.
#.......o...).# #....# #.#.
#.###...)##.### #....# #.# #
#....##.# #....# #.#
.........#.# #...## #+#


There were no monsters in sight!

Vanquished Creatures
  Sigmund (D:3)
  An orc priest (D:3)
  Terence (D:3)
  2 adders (D:3)
  4 dart slugs
  8 orcs (D:3)
  3 ball pythons (D:2)
  3 endoplasms
  3 goblins
  4 hobgoblins
  4 jackals (D:3)
  A kobold (D:3)
  4 quokkas
  6 bats
  2 frilled lizards
  2 rats
49 creatures vanquished.

Notes
Turn   | Place    | Note
-------+----------+-------------------------------------------
     0 | D:1      | qw the Deep Elf Hunter began the quest for the Orb.
     0 | D:1      | Reached XP level 1. HP: 12/12 MP: 3/3
     0 | D:1      | 0 ||| qw: Version: 0.3-a-160-g6735b56
     0 | D:1      | 0 ||| qw: Game counter: 6547
     0 | D:1      | 0 ||| qw: Melee chars always use a shield: true
     0 | D:1      | 0 ||| qw: God list: Okawaru
     0 | D:1      | 0 ||| qw: Allow faded altars: false
     0 | D:1      | 0 ||| qw: Do Orc after clearing Dungeon:15 true
     0 | D:1      | 0 ||| qw: Do second Lair branch before Depths: true
     0 | D:1      | 0 ||| qw: Lair rune preference: random
     0 | D:1      | 0 ||| qw: Goals: Normal
     0 | D:1      | 0 ||| PLANNING D:1-11
   194 | D:1      | Reached skill level 6 in Ranged Weapons
   194 | D:1      | Reached XP level 2. HP: 16/16 MP: 4/4
   295 | D:1      | Found Wilereph's Magic Scroll Emporium.
   300 | D:1      | 300 ||| SHOPLISTING scroll of acquirement (728 gold, have
                  | 14).
   300 | D:1      | 300 ||| SHOPLISTING scroll of brand weapon (133 gold, have
                  | 14).
   300 | D:1      | 300 ||| SHOPLISTING scroll of enchant armour (105 gold,
                  | have 14).
   300 | D:1      | 300 ||| SHOPLISTING scroll of identify (28 gold, have 14).
   550 | D:1      | 550 ||| UPGRADING to +0 scale mail.
   560 | D:1      | 560 ||| DROPPING +0 leather armour.
   561 | D:1      | 561 ||| READING scroll labelled GIAGIE MODD.
   561 | D:1      | 561 ||| IDENTIFYING dark potion
   562 | D:1      | 562 ||| DROPPING scroll of butterflies.
   843 | D:2      | Reached XP level 3. HP: 20/20 MP: 5/5
  1088 | D:2      | Identified the +1 leather armour of the Kissing Gods {rElec
                  | rC+ Will+ Int-2}
  1450 | D:2      | 1450 ||| UPGRADING to +1 leather armour of the Kissing Gods
                  | {rElec rC+ Will+ Int-2}.
  1460 | D:2      | 1460 ||| READING 2 scrolls of identify.
  1460 | D:2      | 1460 ||| IDENTIFYING yellow potion
  1461 | D:2      | 1461 ||| READING scroll of identify.
  1461 | D:2      | 1461 ||| IDENTIFYING pink potion
  1462 | D:2      | 1462 ||| READING scroll labelled IMENUN JED.
  1463 | D:2      | 1463 ||| READING scroll labelled OGI KONUCSA.
  1464 | D:2      | 1464 ||| READING scroll labelled WUACEI MEMAN.
  1468 | D:2      | 1468 ||| DRINKING 2 clear potions.
  1551 | D:3      | Reached skill level 7 in Ranged Weapons
  1641 | D:3      | Noticed Terence
  1650 | D:3      | Killed Terence
  1651 | D:3      | Reached XP level 4. HP: 17/25 MP: 6/6
  1794 | D:3      | Noticed Sigmund
  1798 | D:3      | 1798 ||| FLEEEEING.
  1799 | D:3      | 1799 ||| FLEEEEING.
  1800 | D:3      | 1800 ||| FLEEEEING.
  1801 | D:3      | 1801 ||| FLEEEEING.
  1806 | D:3      | HP: 4/25 [Sigmund/+0 scythe (4)]
  1807 | D:3      | 1807 ||| DRINKING potion of heal wounds.
  1811 | D:3      | Killed Sigmund
  1812 | D:3      | Reached skill level 9 in Ranged Weapons
  1812 | D:3      | Reached XP level 5. HP: 10/29 MP: 7/7
  1812 | D:3      | 1812 ||| FLEEEEING.
  1813 | D:3      | 1813 ||| FLEEEEING.
  1814 | D:3      | 1814 ||| FLEEEEING.
  1815 | D:3      | 1815 ||| FLEEEEING.
  1816 | D:3      | 1816 ||| FLEEEEING.
  1817 | D:3      | 1817 ||| FLEEEEING.
  1818 | D:3      | 1818 ||| FLEEEEING.
  1819 | D:3      | 1819 ||| FLEEEEING.
  1820 | D:3      | 1820 ||| FLEEEEING.
  1821 | D:3      | 1821 ||| FLEEEEING.
  1822 | D:3      | 1822 ||| FLEEEEING.
  2068 | D:3      | 2068 ||| DROPPING +3 sling.
  2096 | D:3      | Reached skill level 3 in Dodging
  2096 | D:3      | Reached XP level 6. HP: 18/34 MP: 8/8
  2102 | D:3      | 2102 ||| FLEEEEING.
  2103 | D:3      | 2103 ||| FLEEEEING.
  2121 | D:3      | 2121 ||| FLEEEEING.
  2127 | D:3      | 2127 ||| FLEEEEING.
  2128 | D:3      | 2128 ||| FLEEEEING.
  2129 | D:3      | 2129 ||| FLEEEEING.
  2130 | D:3      | 2130 ||| FLEEEEING.
  2131 | D:3      | 2131 ||| FLEEEEING.
  2166 | D:3      | 2166 ||| FLEEEEING.
  2215 | D:3      | 2215 ||| FLEEEEING.
  2216 | D:3      | 2216 ||| FLEEEEING.
  2217 | D:3      | 2217 ||| FLEEEEING.
  2235 | D:3      | HP: 8/35 [something/magic dart (7)]
  2239 | D:3      | Killed from afar by an orc wizard

Levels and vault maps discovered:
D:1:      scummos_arrival_checkerplants, layout_loops_ring, serial_shops, shop
D:2:      layout_loops_corners, minmay_misc_feat_plants, minmay_hedge_maze
D:3:      layout_basic, uniq_sigmund, uniq_terence

Skill      XL: |  1  2  3  4  5 |
---------------+----------------+-----
Ranged Weapons | 6 7 9 |  9.3
Dodging        | 3 |  3.3
Fighting       | |  1.7
Stealth        | |  1.2

Action                     |  1- 3 |  4- 6 || total
---------------------------+-------+-------++-------
   Fire: Shortbow          |    75 |   111 ||   186
    Use: Scroll            |     6 |       ||     6
         Potion            |     1 |     1 ||     2
 Armour: Leather armour    |     7 |    42 ||    49
         Scale mail        |     3 |       ||     3
  Dodge: Dodged            |    10 |    50 ||    60

Table legend:
 A = Non-vault XP
 B = Vault XP
 C = Vault XP percentage of total XP
 D = Non-vault monster count
 E = Vault monster count
 F = Vault count percentage of total count
                 A         B        C        D         E       F
            +---------+---------+-------+---------+---------+-------
      Total |     164 |     250 |  60.4 |      47 |       2 |   4.1
            +---------+---------+-------+---------+---------+-------
        D:1 |      27 |       0 |   0.0 |      12 |       0 |   0.0
        D:2 |      22 |       0 |   0.0 |      13 |       0 |   0.0
        D:3 |     115 |     250 |  68.5 |      22 |       2 |   8.3
            +---------+---------+-------+---------+---------+-------
